 Dungeon Crawl Stone Soup version 0.28.0 (webtiles) character file.

Game seed: 13719281807652032548

128 mortz the Conjurer (level 4, -7/34 HPs)
             Began as a Draconian Conjurer on Feb 12, 2022.
             Was a Follower of Vehumet.
             Mangled by an ogre (20 damage)
             ... on level 4 of the Dungeon.
             The game lasted 00:45:03 (4672 turns).

mortz the Conjurer (Draconian Conjurer)             Turns: 4672, Time: 00:45:03

Health: -7/34      AC:  5    Str:  9    XL:     4   Next: 86%
Magic:  2/7        EV: 12    Int: 20    God:    Vehumet [*.....]
Gold:   161        SH:  0    Dex: 10    Spells: 0/7 levels left

rFire   . . .      SeeInvis .   o - +1 trident (venom)
rCold   . . .      Faith    .   (no shield)
rNeg    . . .      Spirit   .   (armour unavailable)
rPois   .          Reflect  .   (helmet restricted)
rElec   .          Harm     .   (no cloak)
rCorr   .          Rampage  .   (no gloves)
Will    .....                   (no boots)
Stlth   ++........              (no amulet)
HPRegen 0.11/turn               (no ring)
MPRegen 0.10/turn               (no ring)

@: no status effects
A: AC +5, unfitting armour, cold-blooded
a: Renounce Religion


You were on level 4 of the Dungeon.
You worshipped Vehumet.
Vehumet was aware of your devotion.
You visited 1 branch of the dungeon, and saw 4 of its levels.

You collected 161 gold pieces.

Inventory:

Hand Weapons
 b - a +0 hunting sling
 c - a +0 short sword
 g - a +0 dagger
 o - a +1 trident of venom (weapon)
Missiles
 d - a stone
 f - 2 boomerangs of dispersal
 h - 8 poisoned darts (quivered)
 m - 14 sling bullets
Scrolls
 a - a scroll of fear {unknown}
 j - a scroll of enchant armour {unknown}
 k - a scroll of holy word {unknown}
 q - a scroll of blinking {unknown}
 v - 2 scrolls of identify {unknown}
Potions
 e - 2 potions of curing {unknown}
 l - a potion of haste {unknown}
 p - a potion of ambrosia {unknown}
 r - 2 potions of lignification {unknown}
 s - a potion of degeneration {unknown}


   Skills:
 + Level 0.4 Fighting
 + Level 0.6 Short Blades
 + Level 0.2 Maces & Flails
 + Level 0.4 Polearms
 + Level 2.3 Dodging
 + Level 2.5 Stealth
 + Level 2.4 Spellcasting
 + Level 5.1 Conjurations


You couldn't memorise any spells.
You knew the following spells:

 Your Spells              Type           Power      Damage    Failure   Level
a - Magic Dart            Conj           92%        1d7       1%          1
b - Searing Ray           Conj           46%        2d6       2%          2
c - Foxfire               Conj/Fire      48%        2x1d6     5%          1
d - Conjure Flame         Conj/Fire      12%        6-21      16%         3

Your spell library contained the following spells:

 Spells                   Type           Power      Damage    Failure   Level
 Freeze                   Ice            8%         1d3       16%         1
 Dazzling Flash           Conj/Hex       24%        N/A       16%         3
 Inner Flame              Hex/Fire       2%         N/A       41%         3
 Flame Wave               Conj/Fire      12%        2d6       45%         4
 Fulminant Prism          Conj/Hex       6%         3d7       45%         4
 Iskenderun's Mystic Bla  Conj/Tloc      12%        2d5       45%         4


Dungeon Overview and Level Annotations

Branches:
Dungeon (4/15)
 Temple: D:4-7

Altars:
Vehumet

Shops:
D:1 !


Innate Abilities, Weirdness & Mutations

Your plain brown scales are hard. (AC +5)
You cannot fit into any form of body armour.
You are cold-blooded and may be slowed by cold attacks.


Message History

Confirm with . or Enter, or press ? or * to list all spells.
You don't know that spell.
The kobold barely misses you.
Casting: Magic Dart (safe; 1% risk of failure)
Confirm with . or Enter, or press ? or * to list all spells.
Aiming: Magic Dart (safe; 1% risk of failure)
Press: ? - help, Shift-Dir - straight line, f - kobold
Aim: a kobold, wielding a +0 short sword and quivering stones (100% to hit)
The magic dart hits the kobold.
You kill the kobold!
Vehumet accepts your kill.
v - 2 scrolls labelled JOAHED YHOXTECH (gained 1)
Things that are here:
a +0 short sword; a stone; a kobold corpse
c - a +0 short sword;
d - a stone
There is a stone staircase leading up here.
An ogre comes into view. It is wielding a +0 giant club.
The ogre shouts!
Casting: Magic Dart (safe; 1% risk of failure)
Confirm with . or Enter, or press ? or * to list all spells.
Aiming: Searing Ray (safe; 2% risk of failure)
Press: ? - help, Shift-Dir - straight line, f - ogre
Aim: an ogre, wielding a +0 giant club (89% to hit)
The searing ray hits the ogre.
The ogre is lightly wounded. (Press . to maintain the ray.)
The searing ray hits the ogre.
The ogre is moderately wounded.
The ogre misses you.
The searing ray hits the ogre.
The ogre is moderately wounded.
The ogre barely misses you.
The searing ray hits the ogre.
The ogre is heavily wounded.
You finish channelling your searing ray.
The ogre hits you with a +0 giant club!!
Ouch! That really hurt!
The ogre hits you with a +0 giant club!!
Ouch! That really hurt!
You die...

.... ######## #....
##......# ....#
#.......# ##...#
#.......# #....###
........###.#....##
........#.........##
.......@..<........###
......O####..........##
#...... #...........##
##....# ##............#
##... #.............#
#### ##..............
#..............#
#..............#
#..............#


You could see an ogre.

Vanquished Creatures
  A hound (D:2)
  A hound skeleton (D:4)
  An adder (D:2)
  An ufetubus (D:2)
  3 dart slugs
  An orc (D:3)
  9 ball pythons
  2 bats
  4 endoplasms
  2 giant cockroaches (D:1)
  7 goblins
  2 hobgoblins (D:1)
  2 jackals (D:3)
  4 quokkas
  8 frilled lizards
  7 kobolds
  9 rats
  A spectral goblin (D:2)
65 creatures vanquished.

Vanquished Creatures (others)
  3 plants (D:1)
3 creatures vanquished.

Grand Total: 68 creatures vanquished

Notes
Turn   | Place    | Note
-------+----------+-------------------------------------------
     0 | D:1      | mortz the Draconian Conjurer began the quest for the Orb.
     0 | D:1      | Reached XP level 1. HP: 14/14 MP: 3/3
    18 | D:1      | Found Huapn's Distillery.
   408 | D:1      | Reached XP level 2. HP: 20/20 MP: 1/5
  1552 | D:1      | Learned a level 2 spell: Searing Ray
  1554 | D:1      | Learned a level 1 spell: Foxfire
  1671 | D:1      | Reached XP level 3. HP: 22/26 MP: 2/6
  2312 | D:2      | Found a faded altar of an unknown god.
  2469 | D:2      | Reached skill level 5 in Conjurations
  2469 | D:2      | Reached XP level 4. HP: 33/33 MP: 1/7
  3089 | D:2      | Prayed at the altar of an unknown god.
  3089 | D:2      | Became a worshipper of Vehumet
  3089 | D:2      | Reached * piety under Vehumet
  3089 | D:2      | Offered knowledge of Freeze by Vehumet.
  3094 | D:2      | Learned a level 3 spell: Conjure Flame
  4666 | D:4      | Noticed an ogre
  4672 | D:4      | Mangled by an ogre

Illustrated notes

Levels and vault maps discovered:
D:1:      eino_arrival_druids_welcome, layout_loops_corners, serial_shops, shop,
          minmay_misc_feat_room, minmay_shallow_snake_nest
D:2:      layout_basic, dreamdust_ecumenical_altar_drowned_temple,
          grunt_ministairs_14, st_stairs_4
D:3:      layout_rooms
D:4:      layout_cave_pods, mainiacjoe_overflow_24_doors,
          ebering_ghost_reflecting_pool

Skill      XL: |  1  2  3 |
---------------+----------+-----
Dodging        | 2 |  2.3
Stealth        | 2 |  2.5
Conjurations   | 5 |  5.1
Fighting       | |  0.4
Short Blades   | |  0.6
Maces & Flails | |  0.2
Polearms       | |  0.4
Spellcasting   | |  2.4

Action                   |  1- 3 |  4- 6 || total
-------------------------+-------+-------++-------
Melee: Unarmed           |    30 |       ||    30
       Tailslap          |    16 |     2 ||    18
       Punch             |     1 |       ||     1
       Short sword       |    42 |       ||    42
       Whip              |     4 |       ||     4
       Trident           |     8 |    31 ||    39
 Cast: Magic Dart        |    29 |    10 ||    39
       Searing Ray       |     6 |    10 ||    16
 Stab: Sleeping          |     1 |       ||     1
Armor: Skin              |    18 |    14 ||    32
Dodge: Dodged            |    64 |    39 ||   103
